 Dungeon Crawl Stone Soup version 0.26-a0-317-ge2f3d4a7ca (webtiles) character file.

Game seed: 14000434507706873750

5 Gargoyl the Skirmisher (level 1, -1/13 HPs)
             Began as a Palentonga Abyssal Knight on July 16, 2020.
             Was an Initiate of Lugonu.
             Slain by a rat (2 damage)
             ... on level 1 of the Dungeon.
             The game lasted 00:01:21 (363 turns).

Gargoyl the Skirmisher (Palentonga Abyssal Knight)   Turns: 363, Time: 00:01:22

Health: -1/13      AC:  6    Str: 15    XL:     1   Next: 66%
Magic:  2/2        EV:  4    Int: 12    God:    Lugonu [......]
Gold:   19         SH:  0    Dex:  9    Spells: 0/0 levels left

rFire    . . .     SeeInvis +   c - +0 great sword (protect)
rCold    . . .     Faith    .   (shield currently unavailable)
rNeg     . . .     Spirit   .   g - -1 chain mail (curse)
rPois    .         Reflect  .   (no helmet)
rElec    .         Harm     .   (no cloak)
rCorr    .         Rnd*Rage +   (no gloves)
MR       .....                  (boots restricted)
Stlth    ..........             (no amulet)
HPRegen  0.04/turn              (no ring)
MPRegen  0.08/turn              (no ring)

@: berserk cooldown, slowed, very slow
A: large, rugged brown scales 3, see invisible, [berserk 2], deformed body,
[frail 3], [screaming 3], [subdued magic 2], roll, armoured tail
a: Rolling Charge, Renounce Religion


You were on level 1 of the Dungeon.
You worshipped Lugonu.
Lugonu was noncommittal.
You visited 1 branch of the dungeon, and saw 1 of its levels.
You visited the Abyss 1 time.

You collected 19 gold pieces.

Inventory:

Hand Weapons
 a - a +1 hand axe
 c - a +0 great sword of protection (weapon)
Armour
 b - a +1 leather armour
 g - a cursed -1 chain mail (worn)
Scrolls
 e - a scroll of teleportation {unknown}
 f - a scroll of blinking {unknown}
 h - a scroll of fog {unknown}
Potions
 d - a potion of heal wounds {unknown}


   Skills:
 + Level 3.0 Fighting
 - Level 2.0 Axes
 * Level 1.7 Armour
 * Level 0.8 Dodging
 * Level 2.3 Invocations


You couldn't memorise any spells.
You didn't know any spells.
Your spell library was empty.

Dungeon Overview and Level Annotations

Branches:
Dungeon (1/15)

Altars:


Innate Abilities, Weirdness & Mutations

You are completely covered in rugged brown scales. (AC +3, +7% HP)
You have supernaturally acute eyesight. (SInv)
Armour fits poorly on your strangely shaped body.
You can roll at foes to attack.
You have a long armoured tail.
[You often lose your temper in combat.]
[You are extremely frail. (-30% HP)]
[You frequently scream uncontrollably at your foes.]
[Your spells are easier to cast, but less powerful.]


Message History

You closely miss the frilled lizard.
Your tail-slap misses the frilled lizard.
The bat hits you but does no damage.
The frilled lizard bites you but does no damage. x2
The bat hits you but does no damage. The bat hits you.
* * * LOW HITPOINT WARNING * * *
The frilled lizard unfolds its giant frill.
The frilled lizard bites you but does no damage.
Your chain mail prevents you from hitting the frilled lizard.
The bat hits you but does no damage. x4; The frilled lizard bites you.
* * * LOW HITPOINT WARNING * * *
The rat bites you but does no damage.
The frilled lizard bites you but does no damage.
The bat hits you but does no damage. The rat bites you but does no damage.
The frilled lizard bites you but does no damage.
The bat hits you but does no damage. The bat hits you.
* * * LOW HITPOINT WARNING * * *
The rat bites you.
You die...

#### ### ... ### #.. #.#
#.. #.#############.#
#... #.##............#
##..[###@##............#
.......rb##.####...###.##
....(...ll†b# ###.......
.........#.## #####.##
#........## #.#
#....##)## #.# #.... #.#
#.# ##....##.### #.#
...........# ...


You could see a bat, 2 frilled lizards and a rat.

Vanquished Creatures
  A goblin (D:1)
  2 hobgoblins (D:1)
  A frilled lizard (D:1)
  A rat (D:1)
5 creatures vanquished.

Notes
Turn   | Place    | Note
-------+----------+-------------------------------------------
     0 | Abyss:1  | Gargoyl the Palentonga Abyssal Knight began the quest for
                  | the Orb.
     0 | Abyss:1  | Reached XP level 1. HP: 19/19 MP: 2/2
    47 | Abyss:1  | Noticed an orange demon
    48 | Abyss:1  | Noticed a rakshasa
    51 | Abyss:1  | Noticed an unseen horror
    83 | Abyss:2  | Noticed a wretched star
    84 | Abyss:2  | Noticed a wretched star
    95 | Abyss:2  | Noticed a large abomination
    98 | Abyss:2  | Noticed a vampire mage
   101 | Abyss:2  | Noticed a rakshasa
   103 | Abyss:2  | Noticed a neqoxec
   173 | Abyss:2  | Noticed a rust devil
   178 | Abyss:2  | Noticed a large abomination
   186 | D:1      | Escaped the Abyss
   363 | D:1      | Slain by a rat

Illustrated notes

Levels and vault maps discovered:
D:1:      minmay_arrival_three_doors, layout_loops_ring,
          wander_ebering_terrifying_dragon_lair

Action                   || total
-------------------------++-------
Melee: Great sword       ||    36
       Tailslap          ||     2
Invok: Depart the Abyss  ||     1
 Abil: Rolling Charge    ||     2
  Use: Scroll            ||     1
Armor: Chain mail        ||    67
Dodge: Dodged            ||    20
       Rpst.: Great sword ||     9

Table legend:
 A = Non-vault XP
 B = Vault XP
 C = Vault XP percentage of total XP
 D = Non-vault monster count
 E = Vault monster count
 F = Vault count percentage of total count
                 A         B        C        D         E       F
            +---------+---------+-------+---------+---------+-------
      Total |       8 |       0 |   0.0 |       5 |       0 |   0.0
            +---------+---------+-------+---------+---------+-------
        D:1 |       8 |       0 |   0.0 |       5 |       0 |   0.0
            +---------+---------+-------+---------+---------+-------
